AoeStats
← AxingQuestions

Lombardia

507170688Analyzed
4v4 RM · 14d ago on Sep 17, 2026· 68m 44s· 8 players
Game mode
Random Map
Map size
Large (8 player)
Population
200
Speed
Normal
Resources
Standard
Victory
Conquest
Starting age
Dark Age
Ending age
Imperial Age
RankedLock teamsTeams togetherTeam positionsShared explorationLock speedFull tech treeHidden civsTurbo modeCheats
Victory
Defeat
🇨🇴 Goths · Colombia
1243
+15
🇺🇸 Vikings · United States
1218
+16
🇲🇽 Georgians · Mexico
1175
+18
🇺🇸 Cumans · United States
1110
+20
🇧🇷 Maya · Brazil
1272
-21
🇧🇷 Franks · Brazil
1232
-18
🇧🇷 Celts · Brazil
1168
-15
🇧🇷 Magyars · Brazil
1164
-15
THEDEEPSE4 KING
10:06 Feudal Age
14:14 Wheelbarrow
13:27 Loom
13:36 Double-Bit Axe
13:35 Horse Collar
24:37 Castle Age
23:37 Bloodlines
24:23 Town Watch
25:27 Fletching
29:03 Imperial Age
37:08 Heavy Plow
48:24 Scale Barding Armor
48:31 Forging
48:49 Light Cavalry
50:08 Crop Rotation
50:57 Hussar
53:08 Caravan
55:05 Chain Barding Armor
57:33 Plate Barding Armor
60:28 Iron Casting
62:26 Blast Furnace
61:59 Hand Cart
JANGEL4107
0:27 Loom
12:28 Feudal Age
13:44 Wheelbarrow
18:23 Castle Age
16:23 Horse Collar
17:41 Double-Bit Axe
18:12 Gold Mining
18:41 Stone Mining
20:05 Hand Cart
22:00 Bow Saw
24:28 Heavy Plow
30:35 Scale Mail Armor
30:46 Forging
33:41 Iron Casting
33:21 Chain Mail Armor
35:04 Pikeman
40:57 Fletching
52:14 Squires
55:38 Imperial Age
55:33 Bodkin Arrow
55:58 Anarchy
56:18 Halberdier
57:38 Guilds
57:58 Coinage
57:29 Caravan
59:18 Blast Furnace
58:49 Perfusion
60:15 Banking
61:11 Elite Huskarl
AxingQuestions
10:42 Feudal Age
14:36 Castle Age
12:51 Double-Bit Axe
12:49 Horse Collar
13:43 Loom
15:37 Bow Saw
15:59 Heavy Plow
22:56 Gold Mining
23:02 Stone Mining
23:26 Town Watch
25:43 Pikeman
29:17 Imperial Age
26:56 Town Patrol
27:36 Fletching
27:57 Forging
27:48 Scale Mail Armor
27:50 Treadmill Crane
28:06 Murder Holes
28:52 Bodkin Arrow
30:18 Conscription
30:03 Chieftains
30:59 Chain Mail Armor
31:02 Elite Berserk
32:20 Gold Shaft Mining
32:33 Plate Mail Armor
32:39 Iron Casting
33:20 Two-Man Saw
32:36 Squires
32:22 Arson
34:09 Elite Skirmisher
38:16 Ballistics
38:57 Chemistry
38:04 Padded Archer Armor
42:50 Blast Furnace
41:51 Bracer
41:58 Caravan
45:35 Masonry
54:14 Crop Rotation
54:19 Fortified Wall
54:41 Architecture
.|.
6:14 Loom
9:14 Feudal Age
10:07 Double-Bit Axe
12:34 Wheelbarrow
12:41 Horse Collar
20:27 Castle Age
19:24 Forging
21:32 Hand Cart
21:51 Bow Saw
27:05 Svan Towers
27:33 Fletching
27:45 Murder Holes
34:49 Imperial Age
32:20 Guard Tower
33:36 Ballistics
35:06 Bloodlines
34:57 Husbandry
35:13 Light Cavalry
37:25 Chemistry
37:19 Keep
36:49 Gold Mining
36:50 Stone Mining
37:13 Scale Barding Armor
37:44 Iron Casting
37:05 Bodkin Arrow
37:11 Hussar
37:52 Treadmill Crane
39:29 Chain Barding Armor
40:58 Blast Furnace
41:56 Pikeman
42:36 Squires
42:22 Arson
42:23 Gambesons
43:49 Stone Shaft Mining
43:19 Heavy Plow
43:35 Halberdier
45:57 Plate Barding Armor
45:24 Bracer
47:43 Conscription
49:54 Scale Mail Armor
59:08 Town Watch
60:26 Town Patrol
61:47 Chain Mail Armor
64:05 Plate Mail Armor
tjfreire
0:27 Loom
10:23 Feudal Age
11:32 Double-Bit Axe
15:49 Horse Collar
21:45 Castle Age
20:30 Fletching
21:49 Crossbowman
22:27 Bodkin Arrow
22:32 Padded Archer Armor
24:47 Ballistics
24:49 Thumb Ring
38:12 Imperial Age
36:49 Wheelbarrow
36:46 Town Watch
37:21 Leather Archer Armor
37:37 Pikeman
38:45 Arbalester
39:31 Bracer
43:42 Scale Mail Armor
43:53 Forging
43:21 Eagle Warrior
44:02 Squires
43:49 Arson
44:33 Bow Saw
44:24 Heavy Plow
46:03 Chemistry
46:05 Elite Eagle Warrior
47:37 Conscription
47:59 Chain Mail Armor
49:08 Holcans
50:22 Plate Mail Armor
50:28 Iron Casting
61:11 Caravan
61:21 Elite Skirmisher
61:23 Halberdier
65:41 Hul'che Javelineers
65:10 Elite Skirmisher
67:53 Blast Furnace
sharkner
11:19 Loom
13:43 Feudal Age
19:09 Castle Age
19:04 Scale Barding Armor
18:47 Double-Bit Axe
19:54 Forging
22:59 Husbandry
23:55 Gold Mining
26:40 Wheelbarrow
26:53 Chain Barding Armor
27:23 Iron Casting
27:11 Town Watch
31:44 Bow Saw
39:07 Town Patrol
42:03 Imperial Age
41:47 Hand Cart
41:30 Stone Mining
42:05 Cavalier
43:21 Plate Barding Armor
43:47 Blast Furnace
44:32 Paladin
53:13 Gold Shaft Mining
53:06 Light Cavalry
54:50 Caravan
59:26 Fletching
60:20 Ballistics
60:15 Murder Holes
62:18 Bodkin Arrow
acefelipe
4:52 Loom
10:43 Feudal Age
15:04 Castle Age
13:56 Horse Collar
14:05 Double-Bit Axe
19:28 Forging
20:25 Pikeman
22:34 Heavy Plow
24:24 Scale Mail Armor
27:00 Bow Saw
30:06 Iron Casting
42:54 Imperial Age
43:35 Chain Mail Armor
45:00 Chemistry
44:20 Furor Celtica
44:35 Conscription
44:46 Ballistics
44:36 Masonry
43:59 Halberdier
52:45 Heavy Scorpion
56:13 Plate Mail Armor
57:52 Wheelbarrow
59:12 Stronghold
60:31 Hoardings
60:06 Siege Engineers
60:45 Treadmill Crane
61:23 Caravan
theoschuler
6:36 Loom
9:45 Feudal Age
11:30 Double-Bit Axe
12:01 Horse Collar
13:58 Town Watch
21:49 Castle Age
21:42 Wheelbarrow
25:11 Scale Barding Armor
27:10 Chain Barding Armor
32:05 Bloodlines
31:55 Husbandry
33:11 Bow Saw
41:38 Imperial Age
41:49 Cavalier
44:23 Heavy Plow
45:26 Two-Man Saw
49:47 Hand Cart
50:00 Conscription
50:41 Corvinian Army
50:11 Elite Magyar Huszar
55:22 Plate Barding Armor
58:58 Paladin
67:04 Elite Skirmisher
67:50 Thumb Ring
67:47 Padded Archer Armor
Connection lost

Rejoining the realm…

Still unreachable

The connection could not be restored.

Session expired

The server has moved on; the page needs a fresh start.